 Dungeon Sprint DCSS version 0.30.1-9-gdf580d7c3d (webtiles) character file.

Game seed: 6274676488081682927

3125 Heoruswealwe the Impaler (level 9, 0/94 HPs)
             Began as a Minotaur Fighter on Oct 12, 2023.
             Was an Initiate of Gozag.
             Hit by a large rock thrown by a cyclops (31 damage)
             ... in the Dungeon (Sprint IX: "|||||||||||||||||||||||||||||").
             The game lasted 00:03:56 (371 turns).

Heoruswealwe the Impaler (Minotaur Fighter)          Turns: 371, Time: 00:03:56

Health: 0/94       AC: 24    Str: 29    XL:     9   Next: 61%
Magic:  8/8        EV:  9    Int:  5    God:    Gozag
Gold:   774        SH:  0    Dex:  9    Spells: 8/8 levels left

rFire   . . .        b - +2 halberd (protect)
rCold   . . .        (shield currently unavailable)
rNeg    . . .        c - +1 chain mail
rPois   .            (helmet restricted)
rElec   .            h - +0 cloak
rCorr   .            f - +0 pair of gloves
SInv    .            (no boots)
Will    .....        (no amulet) Stlth
                     k - +3 ring of strength
HPRegen 0.35/turn    (no ring)
MPRegen 0.11/turn

%: no teleportation
@: gold aura, under a protective aura
A: horns 2, retaliatory headbutt
a: Renounce Religion, Potion Petition, Call Merchant, Bribe Branch


You were in the Dungeon.
You worshipped Gozag.
Gozag was pleased with you.
You visited 1 branch You collected 774 gold pieces.

Inventory:

Hand Weapons
 a - a +0 trident
 b - a +2 halberd of protection (weapon)
Armour
 c - a +1 chain mail (worn)
 d - a +0 buckler
 f - a +0 pair of gloves (worn)
 h - a +0 cloak (worn)
Jewellery
 k - a +3 ring of strength (left hand)
Wands
 l - a wand of quicksilver (10)
Scrolls
 j - 2 scrolls of blinking
Potions
 e - 3 potions of curing
 g - a potion of haste
 i - a potion of berserk rage
 n - a potion of might


   Skills:
 + Level 13.8 Fighting
 * Level 18.5 Polearms
 + Level 13.8 Armour
 - Level 3.6 Shields


You had 8 spell levels left.
You didn't know any spells.
Your spell library was empty.

Dungeon Overview and Level Annotations

Branches:
Dungeon (1/1)

Altars:
Cheibriados
Dithmenos
Elyvilon
Fedhas
Gozag
Hepliaklqana
Kikubaaqudgha
Makhleb
Nemelex Xobeh
Okawaru
Qazlal
Ru
Sif Muna
Trog
Uskayaw
Vehumet
Wu Jian
Xom
Yredelemnul
Zin
The Shining One
Jiyva
Lugonu


Innate Abilities, Weirdness & Mutations

You have a pair of horns on your head.
You reflexively headbutt those who attack you in melee.


Message History

You kill the elephant!
Your Polearms skill increases to level 18!
The manticore closely misses you. You furiously retaliate!
You headbutt the manticore! The manticore closely misses you.
The manticore claws you.
There is an open door, spattered with blood here.
You see here 288 gold pieces.
You hit the manticore but do no damage.
The manticore is moderately wounded.
The manticore bites you but does no damage.
The manticore claws you but does no damage.
The manticore closely misses you.
You hit the manticore.
The manticore is moderately wounded.
The manticore bites you. The manticore claws you! x2
You hit the manticore.
The manticore is moderately wounded.
The manticore bites you! The manticore misses you.
The manticore barely misses you.
You barely miss the manticore. You headbutt the manticore!
The manticore is heavily wounded.
You slash the manticore!
You headbutt the manticore, but do no damage.
The manticore is almost dead.
The manticore bites you but does no damage.
The manticore closely misses you. The manticore claws you.
* * * LOW HITPOINT WARNING * * *
You slash the manticore!
You kill the manticore!
Things that are here:
288 gold pieces; a +2 scimitar of flaming You impale something!!
Reactivating autopickup.
You feel a bit more experienced.
The cyclops throws a large rock.
The large rock hits you!!
* * * LOW HITPOINT WARNING * * *
You feel much better.
The cyclops throws a large rock.
The large rock hits you!!
You die...
Your body crumbles into a pile of gold.

▓+▓
▓.▓
▓.▓
▓.▓
▓C▓
▓$▓
▓@▓
▓$▓
$
▓.▓
$
▓.▓
$ $
▓.▓
$
▓.▓
$
▓.▓
▓)▓
$ $
▓'▓


You could see a cyclops.

Vanquished Creatures
  2 two-headed ogres (D)
  An ugly thing (D)
  A manticore (D)
  An elephant (shapeshifter) (D)
  An efreet (D)
  A troll (D)
  An ice beast (D)
  A centaur (D)
  A phantom (D)
  A killer bee (D)
  A jelly (D)
  A hound (D)
  A gnoll bouda (D)
  An orc wizard (D)
  A ball python (D)
  A bat (D)
  A jackal (D)
  2 kobolds (D)
  A rat (D)
21 creatures vanquished.

Notes
Turn   | Place    | Note
-------+----------+-------------------------------------------
     0 | D        | Heoruswealwe the Minotaur Fighter began the quest for the
                  | Orb.
     0 | D        | Reached XP level 1. HP: 19/19 MP: 0/0
     6 | D        | Reached skill level 3 in Polearms
    22 | D        | Noticed a phantom
    22 | D        | Noticed a jelly
    22 | D        | Noticed a hound
    22 | D        | Noticed an ice beast
    31 | D        | Killed an ice beast
    32 | D        | Reached skill level 7 in Polearms
    32 | D        | Reached XP level 2. HP: 31/31 MP: 1/1
    32 | D        | Reached XP level 3. HP: 38/38 MP: 2/2
    32 | D        | Reached XP level 4. HP: 45/45 MP: 3/3
    34 | D        | Reached skill level 8 in Polearms
    38 | D        | Reached skill level 9 in Polearms
    38 | D        | Reached XP level 5. HP: 52/52 MP: 4/4
    41 | D        | Killed a phantom
    42 | D        | Reached skill level 10 in Polearms
    47 | D        | Found a snail-covered altar of Cheibriados.
    47 | D        | Found a shadowy altar of Dithmenos.
    47 | D        | Found a white marble altar of Elyvilon.
    47 | D        | Found a blossoming altar of Fedhas.
    47 | D        | Found an opulent altar of Gozag.
    48 | D        | Found a hazy altar of Hepliaklqana.
    49 | D        | Found a viscous altar of Jiyva.
    50 | D        | Found an ancient bone altar of Kikubaaqudgha.
    51 | D        | Found a corrupted altar of Lugonu.
    52 | D        | Found a burning altar of Makhleb.
    53 | D        | Found a sparkling altar of Nemelex Xobeh.
    54 | D        | Found an iron altar of Okawaru.
    55 | D        | Became a worshipper of Gozag Ym Sagoz the Greedy
    56 | D        | Found a stormy altar of Qazlal.
    57 | D        | Found a sacrificial altar of Ru.
    58 | D        | Found a shimmering blue altar of Sif Muna.
    59 | D        | Found a bloodstained altar of Trog.
    60 | D        | Found a hide-covered altar of Uskayaw.
    61 | D        | Found a radiant altar of Vehumet.
    62 | D        | Found an ornate altar of the Wu Jian Council.
    63 | D        | Found a shimmering altar of Xom.
    64 | D        | Found a basalt altar of Yredelemnul.
    65 | D        | Found a glowing silver altar of Zin.
    66 | D        | Found a glowing golden altar of the Shining One.
   133 | D        | Noticed a centaur
   133 | D        | Noticed a troll
   133 | D        | Noticed a two-headed ogre
   133 | D        | Noticed a two-headed ogre
   145 | D        | Killed a two-headed ogre
   146 | D        | Reached skill level 10 in Fighting
   146 | D        | Reached skill level 14 in Polearms
   146 | D        | Reached skill level 10 in Armour
   146 | D        | Reached XP level 6. HP: 27/67 MP: 5/5
   146 | D        | Reached XP level 7. HP: 29/73 MP: 6/6
   150 | D        | Killed a two-headed ogre
   151 | D        | Reached skill level 15 in Polearms
   151 | D        | Reached XP level 8. HP: 29/83 MP: 7/7
   162 | D        | Killed a troll
   163 | D        | Reached skill level 16 in Polearms
   337 | D        | Noticed a cyclops
   337 | D        | Noticed a manticore
   337 | D        | Noticed a wind drake
   337 | D        | Noticed an efreet
   337 | D        | Noticed a green ugly thing
   341 | D        | a wind drake changed into an elephant
   341 | D        | Noticed an elephant (shapeshifter)
   348 | D        | Killed a green ugly thing
   349 | D        | Reached skill level 17 in Polearms
   349 | D        | Reached XP level 9. HP: 76/92 MP: 8/8
   353 | D        | Killed an efreet
   361 | D        | Killed an elephant
   362 | D        | Reached skill level 18 in Polearms
   368 | D        | Killed a manticore
   371 | D        | Hit by a large rock thrown by a cyclops

Illustrated notes

Levels and vault maps discovered:
D:        linesprint [early_d, line_temple, items_1, d_10, items_2, lair_1,
          lair_end, items_3, orc_1, orc_end, items_4, d_15, swamp_1, shoals_1,
          snake_1, spider_1, d_20, vaults_1, items_5, swamp_end, shoals_end,
          snake_end, spider_end, vaults_end, d_27, items_6, zot_1, zot_end,
          crypt_end, forest_end, elf_end, slime_end, tomb_end, abyss_end,
          pan_hell_end]

Skill      XL: |  1  2  3  4  5  6  7  8  9 |
---------------+----------------------------+-----
Polearms       | 7 9 14 15 17 18 | 18.5
Fighting       | 6 7 10 11 12 13 | 13.8
Armour         | 6 7 10 11 12 13 | 13.8
Shields        | |  3.6

Action                     |  1- 3 |  4- 6 |  7- 9 || total
---------------------------+-------+-------+-------++-------
  Melee: Trident           |    15 |     9 |       ||    24
         Headbutt          |     1 |     3 |    15 ||    19
         Halberd           |       |    10 |    50 ||    60
    Use: Potion            |       |     2 |     3 ||     5
   Stab: Distracted        |       |       |     1 ||     1
 Armour: Scale mail        |     8 |     1 |       ||     9
         Chain mail        |       |     3 |    21 ||    24
  Dodge: Dodged            |     9 |     9 |    18 ||    36
  Block: Buckler           |     2 |     1 |       ||     3
